[Event "*** Qualifier 1: Titled Tuesday 3|2 Blitz"]
[Site "Chess.com"]
[Date "2017.04.04"]
[Round "3"]
[White "rupeshjswl7"]
[Black "armago"]
[Result "0-1"]
[WhiteElo "2069"]
[BlackElo "2188"]
[TimeControl "180+2"]
[EndTime "13:38:07 PDT"]
[Termination "armago won by resignation"]

1. d4 Nf6 2. Nf3 g6 3. Bf4 Bg7 4. e3 d6 5. Be2 O-O 6. O-O Nc6 7. c4 e5 8. dxe5 Ne4 9. Qc2 dxe5 10. Bg3 Nxg3 11.
hxg3 e4 12. Nfd2 f5 13. a3 Be6 14. Nc3 Ne5 15. Rfd1 Qe8 16. Nd5 Qf7 17. Nf4 Bd7 18.
Rac1 Rad8 19. b4 c6 20. Nb3 Bc8 21. Nc5 Bf6 22. Nb3 Kh8 23. Bf1 Ng4 24. Be2 h5 25. Rxd8 Rxd8 26. Rd1 Rxd1+ 27. Qxd1 Kg7 28. Qd6 Qd7 29.
Qb8 b6 30. Nd4 Be5 31. Qa8 c5 32. Nb3 Qb7 33. Qxb7+ Bxb7 34. bxc5 bxc5 35. Nxc5 Bc8 36. Nb3 Bd7 37. Kf1 Bb2 38. Nc5 Bc6 39. Nce6+ Kf6 40. Nd4 Ba4 41. Ke1 Bxa3 42. Nd5+ Ke5 43. Ne7 Bb4+ 44.
Kf1 a5 45. Nxg6+ Kf6 46. Nf4 Bc5 47. Nd5+ Ke5 48. Bxg4 hxg4 49. Ne2 Bb3 50. Ke1 Bxc4 51. Ne7 Bxe7 0-1

[Event "*** Qualifier 1: Titled Tuesday 3|2 Blitz"]
[Site "Chess.com"]
[Date "2017.04.04"]
[Round "3"]
[White "michaelk123"]
[Black "MyleneFarmer"]
[Result "1-0"]
[WhiteElo "2203"]
[BlackElo "2325"]
[TimeControl "180+2"]
[EndTime "13:38:09 PDT"]
[Termination "michaelk123 won on time"]

1. d4 Nf6 2. Nf3 c5 3. d5 b5 4. c4 e6 5. a4 exd5 6. cxd5 Bb7 7. e4 Nxe4 8. Bxb5 Bd6 9. Nc3 Nxc3 10. bxc3 O-O 11.
O-O Na6 12. Bg5 Qc7 13. Qd3 c4 14. Qxc4 Qxc4 15. Bxc4 Rac8 16. Nd2 Nc5 17. Be3 Rc7 18. a5 a6 19. Rfb1 Rfc8 20. Rb6 Be5 21. Bd4 Bxd4 22. cxd4 Ne4 23. Nxe4 Rxc4 24. h4 Bxd5 25. Nd6 Rc1+ 26. Rxc1 Rxc1+ 27. Kh2 h5 28. Rxa6 Rd1 29. Nf5 Bc4 30.
Rd6 Be6 31. Ne3 Ra1 32. a6 Kf8 33. d5 Ke7 34. Rb6 Bg4 35. f3 Ra3 36. Nc2 Ra2 37.
Nd4 g5 38. fxg4 gxh4 39. gxh5 Ra4 40. Nf5+ 1-0

[Event "*** Qualifier 1: Titled Tuesday 3|2 Blitz"]
[Site "Chess.com"]
[Date "2017.04.04"]
[Round "3"]
[White "jcgs1030"]
[Black "IamSchrodingersCat"]
[Result "0-1"]
[WhiteElo "2286"]
[BlackElo "2388"]
[TimeControl "180+2"]
[EndTime "13:38:12 PDT"]
[Termination "IamSchrodingersCat won by resignation"]

1. e4 c5 2. Nc3 a6 3. f4 b5 4. Nf3 Bb7 5. d3 Nf6 6. h3 e6 7. g4 b4 8. Ne2 d5 9. e5 Nfd7 10. d4 Nc6 11. c3 a5 12. Kf2 Ba6 13. Ng3 Bxf1 14. Rxf1 Qb6 15. Kg2 Be7 16. f5 g6 17.
fxe6 fxe6 18. Ne2 Na7 19. Bh6 O-O-O 20. a3 b3 21. Nd2 a4 22. Rf7 Bf8 23. Bg5 Re8 24.
Rc1 h6 25. Be3 c4 26. Qf1 Nb5 27. Nf4 Rg8 28. Nxc4 dxc4 29. Qxc4+ Nc7 30. Bf2 Qa6 31. Qxa6+ Nxa6 32. c4 Rg7 33. Rxg7 Bxg7 34. Nxg6 Kb8 35. Be3 Rc8 36. Nf4 Nb6 37. Nxe6 Nxc4 38. Bf4 Nxb2 39. Rxc8+ Kxc8 40. Nxg7 Nd3 41. Bd2 b2 42. e6 b1=Q 43. e7 Nc7 44. Ba5 Qc2+ 45. Kf3 Qd1+ 46. Ke3 Nb2 47.
Bxc7 Qe1+ 48. Kf3 Qxe7 49. Be5 Nc4 50. Nf5 Qxa3+ 51. Ke4 Nxe5 52. dxe5 Qxh3 53. Ne3 a3 54. e6 a2 55. e7 Kd7 0-1

[Event "*** Qualifier 1: Titled Tuesday 3|2 Blitz"]
[Site "Chess.com"]
[Date "2017.04.04"]
[Round "3"]
[White "AkshatChandra"]
[Black "Bugcrusher"]
[Result "1-0"]
[WhiteElo "2649"]
[BlackElo "2464"]
[TimeControl "180+2"]
[EndTime "13:38:14 PDT"]
[Termination "AkshatChandra won by resignation"]

1. d4 e6 2. Nf3 Nf6 3. Bf4 c5 4. e3 d5 5. Nbd2 Bd6 6. Bb5+ Nc6 7. Bxc6+ bxc6 8. Bxd6 Qxd6 9. c3 Ba6 10. Qa4 Bb5 11. Qa3 Nd7 12. Nb3 O-O 13. Nxc5 Nxc5 14. Qxc5 Qb8 15.
Ne5 Rc8 16. a4 Ba6 17. b4 Qb7 18. f4 f6 19. Nf3 Bc4 20. Kf2 Qf7 21. Nd2 Bd3 22.
Rhe1 e5 23. Kg1 exf4 24. exf4 Qg6 25. Re3 Re8 26. Rae1 Rac8 27. Qxa7 h5 28. Qd7 Red8 29. Qe6+ Kh7 30. Rg3 Qf5 31. Qxf5+ Bxf5 32. Re7 Rg8 33. Nb3 Bc2 34. Nc5 h4 35. Rh3 Rce8 36. Rhe3 Rxe7 37. Rxe7 Kg6 38. a5 Kf5 39. a6 Kxf4 40. a7 Bf5 41. Na4 h3 42. Nb6 1-0

[Event "*** Qualifier 1: Titled Tuesday 3|2 Blitz"]
[Site "Chess.com"]
[Date "2017.04.04"]
[Round "3"]
[White "SergeiAza"]
[Black "biostatistician"]
[Result "1-0"]
[WhiteElo "2645"]
[BlackElo "2463"]
[TimeControl "180+2"]
[EndTime "13:38:16 PDT"]
[Termination "SergeiAza won by resignation"]

1. e4 e6 2. d4 d5 3. Nd2 Nc6 4.
Ngf3 Nf6 5. e5 Ne4 6. Bd3 Nxd2 7. Bxd2 Nb4 8. Bxb4 Bxb4+ 9. c3 Be7 10. O-O c5 11.
dxc5 Bxc5 12. Nd4 Bd7 13. Qg4 O-O 14. Rfe1 f5 15. Qf4 g5 16. Qd2 Rf7 17. b4 Bb6 18. Nxf5 Rxf5 19. Bxf5 exf5 20. Qxd5+ Kh8 21. e6 Bc6 22.
Qe5+ Kg8 23. e7 Qd2 24. Qxf5 Re8 25. Rad1 Qf4 26. Qxf4 gxf4 27. c4 Kf7 28. b5 Rxe7 29. Rxe7+ Kxe7 30. bxc6 bxc6 31. Kf1 Ke6 32. Ke2 Ke5 33.
Kf3 Bd4 34. Re1+ Kd6 35. Kxf4 Bxf2 36. Re8 Kc5 37. Rc8 a5 38. g4 a4 39. g5 a3 40. Kf5 Bh4 41. Rc7 Kxc4 42. Rxc6+ Kb4 43. Rh6 Be1 44. Rxh7 Kc3 45. Rb7 1-0

[Event "*** Qualifier 1: Titled Tuesday 3|2 Blitz"]
[Site "Chess.com"]
[Date "2017.04.04"]
[Round "3"]
[White "agser"]
[Black "ka1ser64"]
[Result "1-0"]
[WhiteElo "2618"]
[BlackElo "2330"]
[TimeControl "180+2"]
[EndTime "13:38:16 PDT"]
[Termination "agser won by resignation"]

1. Nf3 d5 2. g3 Nf6 3. Bg2 e6 4.
c4 Be7 5. O-O O-O 6. d4 dxc4 7.
Ne5 Nc6 8. Bxc6 bxc6 9. Nxc6 Qe8 10. Nxe7+ Qxe7 11. Na3 c5 12. dxc5 Qxc5 13. Be3 Qh5 14. f3 e5 15. Nxc4 Be6 16. Rc1 e4 17. Qd6 Rfd8 18.
Qe5 Qxe5 19. Nxe5 Bxa2 20. Ra1 Be6 21. Bxa7 Rd2 22. Be3 Rdd8 23. b4 h6 24. b5 Nd5 25.
Bd4 Rxa1 26. Rxa1 Rb8 27. fxe4 Nf6 28. b6 Nxe4 29. Nc6 Rb7 30. Ra7 Nd6 31. Bc5 Bd5 32.
Ne7+ Rxe7 33. Rxe7 Nb7 34. Rd7 Be4 35. Bd4 g5 36. Kf2 h5 37. Ke3 Bg2 38. Kd3 g4 39. e4 Bf1+ 40. Ke3 Ba6 41. Kf4 Kf8 42. Bf6 Ke8 43.
Re7+ Kf8 44. Rc7 Ke8 45. e5 Na5 46. Re7+ Kf8 47. Ra7 1-0

[Event "*** Qualifier 1: Titled Tuesday 3|2 Blitz"]
[Site "Chess.com"]
[Date "2017.04.04"]
[Round "3"]
[White "AnkitGajwa"]
[Black "Wolverine_master"]
[Result "1-0"]
[WhiteElo "1776"]
[BlackElo "1969"]
[TimeControl "180+2"]
[EndTime "13:38:16 PDT"]
[Termination "AnkitGajwa won by checkmate"]

1. e4 d5 2. exd5 Qxd5 3. Nc3 Qd6 4. Nf3 Nf6 5. g3 Bg4 6. Bg2 a6 7. O-O Nc6 8. h3 Bh5 9. d4 O-O-O 10. Bf4 Qd7 11. g4 Bg6 12. Ne5 Nxe5 13. Bxe5 e6 14. Qf3 Nd5 15. Nxd5 exd5 16. Rfe1 Be4 17. Rxe4 dxe4 18.
Qxe4 c6 19. Rd1 f6 20. Bg3 Bd6 21. Bxd6 Qxd6 22. d5 cxd5 23. Qf5+ Qd7 24. Qf4 Qc6 25. c4 Qxc4 26. Rc1 Qxc1+ 27. Qxc1+ Kb8 28. Qf4+ Ka7 29. Qc7 g6 30. Qc5+ Kb8 31. Bxd5 Rhe8 32. Bf3 Re5 33.
Qb6 Rd7 34. Qxf6 Rde7 35. Qd6+ Ka7 36. Qd4+ Kb8 37. a4 Re1+ 38. Kg2 R1e5 39. b4 h5 40.
Qd6+ Ka7 41. a5 R5e6 42. Qc5+ Kb8 43. b5 axb5 44. Qxb5 hxg4 45. hxg4 Re5 46. Qb4 R7e6 47. Qxb7# 1-0

[Event "*** Qualifier 1: Titled Tuesday 3|2 Blitz"]
[Site "Chess.com"]
[Date "2017.04.04"]
[Round "3"]
[White "johnathan113"]
[Black "PaulfromSPb"]
[Result "0-1"]
[WhiteElo "2386"]
[BlackElo "2535"]
[TimeControl "180+2"]
[EndTime "13:38:23 PDT"]
[Termination "PaulfromSPb won by resignation"]

1. e4 c5 2. Nf3 a6 3. g3 Nf6 4.
Nc3 Nc6 5. Bg2 e5 6. O-O b5 7. Nd5 d6 8. c3 Bg4 9. h3 Bxf3 10. Qxf3 Be7 11. Nxe7 Qxe7 12. d3 h6 13. Qe2 O-O 14. f4 b4 15. f5 bxc3 16. bxc3 Rab8 17. g4 Nh7 18. Be3 Qb7 19. h4 Qb2 20. Qe1 f6 21. Bf3 Qc2 22. Rf2 Qxd3 23. Rd1 Qb5 24. Rxd6 Rfd8 25.
Rfd2 Rxd6 26. Rxd6 Na5 27. Be2 Qa4 28. Rxa6 Qxe4 29.
Bd1 Nc4 30. Bb3 Rxb3 31. axb3 Nxe3 32. Qe2 Nf8 33. Ra1 Qf4 34. Kh1 Nxg4 35. Ra4 e4 36. Qg2 Nd7 37. Ra8+ Kh7 38. Ra1 Nde5 39. Rg1 Nf3 40. Rf1 Qxf5 41. Qg3 Ne3 42. Rf2 h5 43. Ra2 Nd5 44. Ra7 Qg4 45. Qxg4 hxg4 46. c4 Nf4 47. Re7 g3 0-1

[Event "*** Qualifier 1: Titled Tuesday 3|2 Blitz"]
[Site "Chess.com"]
[Date "2017.04.04"]
[Round "3"]
[White "Grebeniuk-S"]
[Black "superjem123"]
[Result "0-1"]
[WhiteElo "2421"]
[BlackElo "2509"]
[TimeControl "180+2"]
[EndTime "13:38:23 PDT"]
[Termination "superjem123 won by resignation"]

1. e4 e5 2. Nc3 Nc6 3. f4 Bc5 4.
Nf3 d6 5. Bc4 Nf6 6. d3 Bg4 7.
h3 Bxf3 8. Qxf3 Nd4 9. Qg3 Qe7 10. Kd1 exf4 11. Qxf4 O-O-O 12. Rf1 d5 13. exd5 Nxd5 14. Qg4+ f5 15. Rxf5 Nxc3+ 16. bxc3 Nxf5 17. Qxf5+ Kb8 18. Bg5 Qf8 19. Qxf8 Rdxf8 20. d4 Bd6 21. Be3 Re8 22. Kd2 Rhf8 23. Re1 Bg3 24. Re2 Bf4 25. Bxf4 Rxe2+ 26. Kxe2 Rxf4 27. Bd3 h6 28. g3 Rf6 29. Ke3 c6 30. g4 g5 31. Bf5 Kc7 32. Ke4 Kd6 33. c4 b6 34. a4 Rf7 35. d5 Re7+ 36. Be6 a5 37.
Kf5 b5 38. cxb5 cxb5 39. axb5 a4 40. c4 Rc7 41. b6 Rxc4 42. b7 Rb4 43. Kg6 a3 44.
Kxh6 a2 0-1

[Event "*** Qualifier 1: Titled Tuesday 3|2 Blitz"]
[Site "Chess.com"]
[Date "2017.04.04"]
[Round "3"]
[White "kereswasbest"]
[Black "RichardLeyvaP"]
[Result "0-1"]
[WhiteElo "2080"]
[BlackElo "2360"]
[TimeControl "180+2"]
[EndTime "13:38:27 PDT"]
[Termination "RichardLeyvaP won by resignation"]

1. d4 Nf6 2. c4 g6 3. Nc3 Bg7 4.
e4 d6 5. f4 O-O 6. Nf3 c5 7.
Be2 Bg4 8. d5 e6 9. O-O exd5 10.
cxd5 Nbd7 11. h3 Bxf3 12. Bxf3 Re8 13. Re1 a6 14. a4 Qa5 15. Bd2 c4 16. Kh1 Nc5 17. e5 dxe5 18. fxe5 Nfd7 19. e6 Ne5 20. exf7+ Kxf7 21. Ne4 Nxe4 22. Rxe4 Qc5 23. Bc3 Rad8 24. Rf4+ Kg8 25. Be4 Qe3 26. Bd2 Qg3 27. Qe1 Qxe1+ 28. Rxe1 Nd3 29. Bxd3 Rxe1+ 30. Bxe1 cxd3 31. Bc3 Bxc3 32. bxc3 Rxd5 33. Rf2 Rc5 34. Kh2 Rxc3 35. Rd2 Kf7 36.
Kg3 Ke6 37. Kf4 Kd5 38. Ke3 Kc4 39. Rb2 b5 40. axb5 axb5 41. Ra2 Rc2 42. Ra7 Rxg2 43. Rxh7 d2 44. Rc7+ Kb3 45. Rd7 b4 46. Kf3 Rh2 47.
Kg3 Re2 48. Kf3 Re6 49. Rxd2 Kc3 50. Rd8 b3 51. Rc8+ Kd2 52. Rb8 Kc2 53. Rc8+ Kb1 54.
Rb8 b2 55. Kf4 Ra6 0-1

[Event "*** Qualifier 1: Titled Tuesday 3|2 Blitz"]
[Site "Chess.com"]
[Date "2017.04.04"]
[Round "3"]
[White "IM_Michal_Luch"]
[Black "dhanushbharadwaj"]
[Result "1-0"]
[WhiteElo "2447"]
[BlackElo "2437"]
[TimeControl "180+2"]
[EndTime "13:38:28 PDT"]
[Termination "IM_Michal_Luch won by resignation"]

1. d4 g6 2. e4 Bg7 3. Nc3 b6 4. h4 Bb7 5. h5 d6 6. h6 Bf8 7. g4 e6 8. g5 Nd7 9. f4 d5 10. exd5 exd5 11. Qe2+ Qe7 12. Be3 Qb4 13. O-O-O Ne7 14. f5 O-O-O 15. f6 Nf5 16. Bh3 Nxe3 17. Qxe3 Bd6 18. Nf3 Rhe8 19. Bxd7+ Kxd7 20. Ne5+ Bxe5 21. dxe5 Kc8 22. Rd4 Qc5 23. Rhd1 Re6 24. Qf4 c6 25. Ne4 Qxd4 26. Rxd4 dxe4 27. Rxd8+ Kxd8 28. Qxe4 Kc7 29. Qg4 Bc8 30. Qd4 Bd7 31. b4 Be8 32. a4 Bd7 33.
Kd2 Be8 34. Ke3 Bd7 35. Kf4 Be8 36. a5 Bd7 37. c4 Be8 38. axb6+ axb6 39. Qa1 Kb7 40.
c5 b5 41. Qa5 Kc8 42. Qa8+ Kd7 43. Qb7+ Kd8 44. Qb8+ Kd7 45. Ke4 Rxe5+ 46. Qxe5 1-0

[Event "*** Qualifier 1: Titled Tuesday 3|2 Blitz"]
[Site "Chess.com"]
[Date "2017.04.04"]
[Round "3"]
[White "Blitzstream"]
[Black "jcibarra"]
[Result "1/2-1/2"]
[WhiteElo "2507"]
[BlackElo "2659"]
[TimeControl "180+2"]
[EndTime "13:38:35 PDT"]
[Termination "Game drawn by repetition"]

1. d4 Nf6 2. Bg5 c5 3. Bxf6 gxf6 4. d5 Qb6 5. Qc1 f5 6. c4 Bg7 7. Nc3 d6 8. e3 Nd7 9. Nf3 Nf6 10. Bd3 Bd7 11. O-O e6 12. Qc2 h5 13. Rab1 a5 14.
Rfe1 Rg8 15. e4 fxe4 16. Nxe4 Nxe4 17. Bxe4 O-O-O 18. dxe6 fxe6 19. Re3 Rdf8 20. Rb3 Qc7 21. Rxb7 Qxb7 22. Bxb7+ Kxb7 23. a3 Bc6 24. b4 cxb4 25.
axb4 a4 26. b5 Bxf3 27. gxf3 a3 28. Qe4+ Kb8 29. Qc6 Be5+ 30. Kf1 a2 31. Qb6+ Kc8 32.
Qa6+ Kb8 33. Qxa2 Rxf3 34. b6 Rg7 35. c5 Bd4 36. c6 Rxf2+ 37. Qxf2 Bxf2 38. Kxf2 Rg5 39. Rg1 Rxg1 40. Kxg1 d5 41. Kf2 e5 42. Ke3 h4 43. h3 Kc8 44. Kf3 Kb8 45. Kg4 d4 46. Kf3 d3 47. Ke3 e4 48. Kd2 Kc8 49. Ke3 Kb8 50. c7+ Kb7 51. Kd2 Kc8 52. Kc3 Kb7 53. Kd2 Kc8 54. Ke3 Kb7 55. Kd2 Kc8 56. Ke3 Kb7 1/2-1/2

[Event "*** Qualifier 1: Titled Tuesday 3|2 Blitz"]
[Site "Chess.com"]
[Date "2017.04.04"]
[Round "3"]
[White "rithwik2002"]
[Black "Osensei"]
[Result "1-0"]
[WhiteElo "1806"]
[BlackElo "1160"]
[TimeControl "180+2"]
[EndTime "13:38:37 PDT"]
[Termination "rithwik2002 won on time"]

1. d4 Nf6 2. Bf4 d6 3. Nc3 g6 4. e4 Bg7 5. Qd2 O-O 6. O-O-O c6 7. Bh6 b5 8. f3 a5 9. h4 Re8 10. h5 Bh8 11. g4 a4 12. hxg6 hxg6 13. Bg5 Bg7 14. Bh6 Bh8 15. Qh2 Bxg4 16. fxg4 Nxg4 17. Qh4 Nxh6 18. Qxh6 Bg7 19. Qh7+ Kf8 20. Bh3 b4 21. Rf1 e5 22. Nce2 Qg5+ 23. Kb1 a3 24. Nf3 Qe3 25. Be6 Rxe6 26. dxe5 dxe5 27. Ng3 axb2 28. Nf5 gxf5 29. Rfg1 Rg6 30. Rxg6 fxg6 31. Qxg6 Ra7 32. Ng5 Re7 33. Ne6+ Rxe6 34. Qxe6 Qf3 35. Qd6+ Kf7 36. Qc7+ Ke6 37. Qc8+ Kd6 38. Qd8+ Kc5 39. Qe7+ Kd4 40. Qxb4+ Ke3 41. Re1+ Kf4 42. Qd2+ Kg4 43. Rg1+ Kh3 44.
Qg5 1-0

[Event "*** Qualifier 1: Titled Tuesday 3|2 Blitz"]
[Site "Chess.com"]
[Date "2017.04.04"]
[Round "3"]
[White "iaraldinho"]
[Black "rasmussvane"]
[Result "0-1"]
[WhiteElo "2415"]
[BlackElo "2516"]
[TimeControl "180+2"]
[EndTime "13:38:39 PDT"]
[Termination "rasmussvane won on time"]

1. e4 c6 2. d4 d5 3. Nc3 dxe4 4. Nxe4 Bf5 5. Ng3 Bg6 6. Nf3 e6 7. Bd3 Nf6 8. O-O Be7 9. b3 O-O 10. Bb2 Nbd7 11. Bxg6 hxg6 12. c4 Qc7 13. Qe2 Rfe8 14.
Rad1 a5 15. Bc3 a4 16. Ne4 axb3 17. axb3 Ra3 18. Rb1 Rea8 19. Neg5 Ra2 20. Qe1 Qf4 21. Bd2 Qf5 22. h3 Bd6 23. g4 Nxg4 24.
hxg4 Qxg4+ 25. Kh1 Rxd2 26. Qxd2 Bf4 27. Qd3 Bxg5 28.
Nxg5 Qxg5 29. Rg1 Qh4+ 30. Kg2 Ra2 31. Rgf1 Nf6 32. Ra1 Qg4+ 33. Qg3 Qe4+ 34. Qf3 Qc2 35. Rxa2 Qxa2 36. Qg3 Nh5 37. Qb8+ Kh7 38. Qxb7 Qe2 39. Qc7 Qe4+ 40. f3 Qxd4 41. Qh2 Qb2+ 42. Rf2 Qxb3 43.
Qc7 Qxc4 44. Qxf7 Nf4+ 45. Kg3 Nh5+ 46. Kg2 Qd5 47. Re2 c5 0-1

[Event "*** Qualifier 1: Titled Tuesday 3|2 Blitz"]
[Site "Chess.com"]
[Date "2017.04.04"]
[Round "3"]
[White "DavidMarkosyan"]
[Black "EvgenyT"]
[Result "0-1"]
[WhiteElo "2352"]
[BlackElo "2442"]
[TimeControl "180+2"]
[EndTime "13:38:40 PDT"]
[Termination "EvgenyT won by resignation"]

1. e4 c6 2. Nc3 d5 3. Qf3 dxe4 4.
Nxe4 Nd7 5. Ne2 Ngf6 6. N2c3 g6 7. d4 Bg7 8. Bd3 O-O 9. O-O Nxe4 10. Nxe4 Bxd4 11. Bh6 Bg7 12. Qe3 Qb6 13. Qc1 Nc5 14.
Nxc5 Qxc5 15. Re1 Be6 16. h4 Rfd8 17. Be3 Bd4 18. Bxd4 Rxd4 19. g3 Rad8 20. Qe3 b6 21. a3 R8d7 22. b4 Qd5 23. Bf1 c5 24. c3 Rd2 25.
Bg2 Qd6 26. h5 Qd3 27. hxg6 hxg6 28. Qe5 Qf5 29. Qxf5 Bxf5 30. bxc5 bxc5 31. Re5 c4 32. Rc5 Be6 33. Bf1 Rd1 34. Rxd1 Rxd1 35. Kg2 Rc1 36. Rc7 Rxc3 37. Rxa7 Bd5+ 38. Kg1 e6 39. a4 Rc1 40. f4 Rc2 41. a5 Kg7 42. Rc7 Ra2 43. Rc5 Kf6 44.
g4 Ke7 45. Rc7+ Kd6 46. Rxf7 c3 47. Bd3 c2 48. Bxc2 Rxc2 49. f5 Rg2+ 50. Kf1 Rxg4 51. fxg6 Rxg6 52. a6 Rg3 53. a7 Rf3+ 54. Ke2 Rxf7 0-1

[Event "*** Qualifier 1: Titled Tuesday 3|2 Blitz"]
[Site "Chess.com"]
[Date "2017.04.04"]
[Round "3"]
[White "ecwinslow"]
[Black "justantan"]
[Result "0-1"]
[WhiteElo "2054"]
[BlackElo "2034"]
[TimeControl "180+2"]
[EndTime "13:38:40 PDT"]
[Termination "justantan won by checkmate"]

1. d4 Nf6 2. c4 e6 3. Nc3 Bb4 4.
g3 d5 5. Bg2 dxc4 6. Qa4+ Nc6 7. Bxc6+ bxc6 8. Qxb4 Qxd4 9. Nf3 Nd5 10. Nxd5 Qxd5 11.
Be3 Qb5 12. Qa3 a5 13. Bc5 Rb8 14. O-O-O f6 15. Nd4 Qb7 16. Rd2 Kf7 17. Rhd1 Rd8 18. Qf3 Rd5 19. Qa3 e5 20. Nf3 Bf5 21. Nh4 Be6 22.
e4 Rxd2 23. Rxd2 Qb5 24. Nf5 c3 25. Qxc3 Qa4 26. Ba3 Qxe4 27. Ne3 Bxa2 28. Qd3 Qxd3 29. Rxd3 Be6 30. Ng2 Bd5 31. Nh4 g5 32. Nf5 Be4 33. Rd7+ Ke6 34. Rxc7 Kxf5 35. h3 h5 36. Rh7 Kg6 37. Re7 Rb3 38. Kd2 Kf5 39. Ke2 Bg2 40. h4 Bf3+ 41. Kd2 gxh4 42. gxh4 Kg4 43. Rf7 f5 44.
Kc2 a4 45. Be7 Be4+ 46. Kc1 f4 47. Rg7+ Kf3 48. Rg5 Rb5 49. Rxh5 Kxf2 50. Bd6 Rd5 51. Bxe5 Ke2 52. b4 a3 53. Rg5 Rd1# 0-1

[Event "*** Qualifier 1: Titled Tuesday 3|2 Blitz"]
[Site "Chess.com"]
[Date "2017.04.04"]
[Round "3"]
[White "Indianlad"]
[Black "nonscitis"]
[Result "1-0"]
[WhiteElo "2558"]
[BlackElo "2355"]
[TimeControl "180+2"]
[EndTime "13:38:42 PDT"]
[Termination "Indianlad won by resignation"]

1. e4 c5 2. Nf3 d6 3. d4 cxd4 4. Nxd4 Nf6 5. Nc3 a6 6. Bc4 g6 7.
Bb3 Bg7 8. f3 Nc6 9. Be3 Nxd4 10. Bxd4 Be6 11. Qd2 O-O 12. g4 Rc8 13. O-O-O Bxb3 14.
axb3 Qa5 15. Kb1 Rfe8 16. Bxf6 Bxf6 17. Nd5 Qc5 18. Nxf6+ exf6 19. c3 Qb5 20. b4 a5 21.
Qd5 Qe2 22. Qd3 Qf2 23. bxa5 Rc5 24. Rd2 Qh4 25. b4 Rc6 26. Rc1 Rec8 27. Kb2 Qg5 28. c4 Kg7 29. Rdc2 Qe5+ 30. Kb3 b6 31. a6 R6c7 32.
Qd5 Qf4 33. Rc3 Qxh2 34. Qd4 Rb8 35. g5 Kg8 36. gxf6 Ra7 37. b5 Rc7 38. Rd1 Rd7 39. Rc2 Qf4 40. Rd3 h5 41. e5 h4 42. Qxf4 1-0

[Event "*** Qualifier 1: Titled Tuesday 3|2 Blitz"]
[Site "Chess.com"]
[Date "2017.04.04"]
[Round "3"]
[White "Astaneh"]
[Black "GamayevOleg"]
[Result "0-1"]
[WhiteElo "2505"]
[BlackElo "2405"]
[TimeControl "180+2"]
[EndTime "13:38:51 PDT"]
[Termination "GamayevOleg won by resignation"]

1. d4 e6 2. c4 f5 3. Nc3 Nf6 4.
g3 Be7 5. Bg2 O-O 6. Nh3 Qe8 7.
O-O d6 8. Re1 e5 9. Nb5 Na6 10.
Ng5 h6 11. Nf3 e4 12. Nd2 c6 13. Nc3 Nc7 14. f3 d5 15. Qb3 Kh8 16. cxd5 cxd5 17.
Nf1 a5 18. Bf4 a4 19. Nxa4 Qxa4 20. Qxa4 Rxa4 21. Bxc7 Rxd4 22. b3 Ne8 23. Be5 Bf6 24.
Bxd4 Bxd4+ 25. e3 Bxa1 26. Rxa1 Rf7 27. Rc1 Rc7 28. Rxc7 Nxc7 29. Kf2 Kg8 30. Ke2 Kf7 31. Kd2 Ke6 32. Kc3 Kd6 33. a4 b6 34. Nd2 Ba6 35. b4 Be2 36. f4 Ne6 37. Bf1 Bxf1 38. Nxf1 g5 39. Nd2 gxf4 40. gxf4 d4+ 41. exd4 Nxf4 42.
Nc4+ Kc6 43. Ne3 Ne2+ 44. Kc4 f4 45. d5+ Kc7 46. Nf5 f3 47. a5 bxa5 48. bxa5 f2 49. Ne3 Nf4 50. Kd4 Kd6 51. Nf5+ Kd7 52. Ng3 Ne2+ 53. Ke3 Nxg3 54. Kxf2 Nf5 55. a6 Kc7 56. d6+ Nxd6 57. Ke3 0-1

[Event "*** Qualifier 1: Titled Tuesday 3|2 Blitz"]
[Site "Chess.com"]
[Date "2017.04.04"]
[Round "3"]
[White "bancsoo"]
[Black "platy3"]
[Result "0-1"]
[WhiteElo "2614"]
[BlackElo "2624"]
[TimeControl "180+2"]
[EndTime "13:38:55 PDT"]
[Termination "platy3 won by resignation"]

1. Nf3 Nf6 2. g3 d5 3. Bg2 e6 4. O-O Be7 5. d4 O-O 6. c4 dxc4 7. Qc2 a6 8. a4 Bd7 9. Rd1 Bc6 10. Nc3 a5 11. e4 Na6 12. Ne5 Nb4 13. Qe2 Nd7 14. Nxc4 Nf6 15. Bf4 b6 16. Rac1 Bb7 17. Nb5 Rc8 18. b3 Ba6 19. Qb2 Ne8 20. Nc3 Nd6 21.
Ne5 Bg5 22. Bxg5 Qxg5 23. Bf1 Bb7 24. Bg2 Rfd8 25. Qd2 Qxd2 26. Rxd2 f6 27. Nc4 Nxc4 28. bxc4 e5 29. d5 Na6 30. Bh3 Rb8 31. Nb5 Bc8 32.
Bxc8 Rbxc8 33. Nc3 Nc5 34. f4 Nb3 35. Rdc2 Nxc1 36. Rxc1 Kf7 37. fxe5 fxe5 38. Nb5 g6 39. c5 bxc5 40. Rxc5 Rd7 41. Kf2 Ke7 42. Ke3 Rb8 43. Kd3 Rb7 44. Kc4 Rb6 45. Kc3 Kd8 46. Na7 Rb1 47.
Nc6+ Ke8 48. Rxa5 Rd6 49. Ra8+ Kf7 50. Nxe5+ Kg7 51. Nc4 Rf6 52. Ra7 Rf3+ 53. Kd4 Rf7 54. a5 c5+ 55. Kxc5 Rxa7 56. e5 Rc1 57. d6 Rxa5+ 0-1

[Event "*** Qualifier 1: Titled Tuesday 3|2 Blitz"]
[Site "Chess.com"]
[Date "2017.04.04"]
[Round "3"]
[White "OparinGrigoriy"]
[Black "joppie2"]
[Result "0-1"]
[WhiteElo "2579"]
[BlackElo "2612"]
[TimeControl "180+2"]
[EndTime "13:38:58 PDT"]
[Termination "joppie2 won by resignation"]

1. Nf3 d5 2. g3 Nc6 3. d4 Bf5 4. Bg2 e6 5. O-O Nb4 6. Na3 h6 7. Re1 Nf6 8. Bf4 Bd6 9. c3 Bxf4 10. gxf4 Nc6 11. Ne5 O-O 12. Nc2 Bh7 13. Ne3 Nh5 14. Nxc6 bxc6 15. Qc1 Nxf4 16. Nf1 Qg5 17. Ng3 h5 18. Kh1 h4 19. Rg1 e5 20. Nf1 Qf6 21. Qd2 Rfe8 22. Ne3 exd4 23. cxd4 Ne6 24. Rad1 Ng5 25.
Ng4 Qf5 26. h3 Kh8 27. Rdf1 f6 28. Qd1 Re7 29. b3 Rae8 30. e3 Ne4 31. Bxe4 Rxe4 32.
Kh2 Qe6 33. Qc1 Bf5 34. Qd1 Re7 35. Rg2 Qd6+ 36. Kh1 c5 37. dxc5 Qxc5 38. Rfg1 Bxg4 39.
Rxg4 Kg8 40. Rg6 d4 41. Qf3 Kf8 42. Rxg7 Qe5 43. Rg8+ Kf7 44. R1g7+ Ke6 45. Rxe7+ Kxe7 46. Rg4 Rxg4 47. hxg4 d3 48. Kg2 d2 49. Qd1 Qc3 50. Kf3 Qc1 51. Ke2 Qxd1+ 52. Kxd1 h3 53. Kxd2 h2 54. Ke2 h1=Q 55. g5 Qg2 56. gxf6+ Kxf6 57. Kd3 0-1

[Event "*** Qualifier 1: Titled Tuesday 3|2 Blitz"]
[Site "Chess.com"]
[Date "2017.04.04"]
[Round "3"]
[White "sergiochess83"]
[Black "Ginger_GM"]
[Result "1-0"]
[WhiteElo "2672"]
[BlackElo "2478"]
[TimeControl "180+2"]
[EndTime "13:39:00 PDT"]
[Termination "sergiochess83 won by resignation"]

1. e4 e6 2. d4 d5 3. Nd2 Nf6 4.
e5 Nfd7 5. Bd3 c5 6. c3 Nc6 7. Ndf3 Qa5 8. Kf1 b6 9. Ne2 Ba6 10. h4 Rc8 11. a3 Bxd3 12. Qxd3 cxd4 13. cxd4 Nb4 14. Qb3 Nc2 15. Rb1 Qa6 16. Bd2 Qc4 17. Qxc4 Rxc4 18. Bc3 b5 19. Rc1 Nxa3 20. bxa3 Bxa3 21.
Rb1 b4 22. Bb2 Bxb2 23. Rxb2 Ke7 24. Nd2 a5 25. Nxc4 dxc4 26. Rh3 Nb6 27. Nc3 Nd5 28. Na4 c3 29. Rc2 Rc8 30. Ke2 Nf4+ 31. Ke3 Nxh3 32. gxh3 f6 33. f4 fxe5 34. fxe5 Kf7 35. Kd3 Kg6 36. Rg2+ Kh6 37. Nc5 Rc6 38. Kc4 Kh5 39. Kb3 g6 40. Rg4 Kh6 41. Rg5 Kg7 42. h5 Kh6 43. h4 gxh5 44. Rg2 Rb6 45. Nd7 a4+ 46. Kxa4 Rb7 47. Nf6 Rb8 48. Kb3 Ra8 49. Ng8+ Rxg8 50. Rxg8 c2 51. Rg1 c1=Q 52. Rxc1 1-0

[Event "*** Qualifier 1: Titled Tuesday 3|2 Blitz"]
[Site "Chess.com"]
[Date "2017.04.04"]
[Round "3"]
[White "kleinebeer98"]
[Black "GianmarcoVaR"]
[Result "1-0"]
[WhiteElo "2474"]
[BlackElo "2415"]
[TimeControl "180+2"]
[EndTime "13:39:00 PDT"]
[Termination "kleinebeer98 won by resignation"]

1. e4 c6 2. d4 d5 3. f3 g6 4. Nc3 Bg7 5. Be3 dxe4 6. fxe4 Nf6 7. Nf3 O-O 8. h3 Nbd7 9. Qd2 e5 10.
dxe5 Nh5 11. e6 fxe6 12. Bc4 Nb6 13. Qxd8 Rxd8 14. Bb3 Ng3 15. Rg1 Bxc3+ 16. bxc3 Nxe4 17. Ng5 Nxc3 18. Rf1 Nbd5 19. Bd4 b5 20. Nf7 e5 21. Bxc3 Re8 22. Nd6 Re6 23. Nxc8 Rxc8 24. O-O-O Kg7 25.
Bb2 Rd8 26. Rde1 Rde8 27. Rd1 Rd6 28. Rfe1 Kf6 29. Rd2 h5 30. Rf2+ Kg5 31. Bxe5 Rde6 32. Bxd5 Rxe5 33. Rxe5+ Rxe5 34. Bxc6 a6 35. Kb2 Kh4 36. Rd2 Re6 37. Bf3 Kg3 38. Rd5 Rf6 39.
a4 bxa4 40. c4 Rb6+ 41. Ka3 a5 42. c5 Rb4 43. c6 Rc4 44. Rxa5 g5 45. Rxg5+ Kh2 46.
Rxh5 Kg3 47. Rd5 Kh4 48. Ra5 Rc3+ 49. Kb4 Rc1 50. Rc5 Rb1+ 51. Kxa4 Rb8 52. c7 Rc8 53. Bg4 Ra8+ 54. Kb5 Ra3 55. c8=Q Rb3+ 56. Kc4 Rb8 57. Rh5+ Kg3 58. Qxb8+ 1-0